FSL
TAMPA PIRATES @ MIAMI WHALES
07/25/1982
 
TOP OF THE 1ST
Tampa Pirates batting - Pitching for Miami Whales : LHP Alex Gomez
Pitching: LHP Alex Gomez
Batting: RHB Drungo Hazewood 0-0: Called Strike
0-1: Foul Ball, location: 2F
0-2: Strikes out swinging
Batting: LHB David Frederick 0-0: Foul Ball, location: 2F
0-1: Ball
1-1: Called Strike
1-2: Ball
2-2: Hit by Pitch
Pinch Runner at 1st Steven Young:
Batting: LHB Reggie West 0-0: Ball
1-0: Swinging Strike
1-1: Ball
2-1: Foul Ball, location: 2F
2-2: Foul Ball, location: 2F
2-2: Foul Ball, location: 2F
2-2: SINGLE (Groundball, 25, EV 63.8 MPH) (infield hit)
Steven Young to second
Batting: RHB Cliff Pastornicky 0-0: Ball
1-0: SINGLE (Line Drive, 7S, EV 98.8 MPH)
Steven Young to third
Reggie West to second
Runner from 3rd tries for Home, SAFE, throw by LF to home
Batting: RHB Ricky Jones 0-0: Ball
1-0: Swinging Strike
1-1: Fielders Choice at 2nd, 2-6 (Groundball, 13S, EV 73.8 MPH)
Reggie West to third
Batting: SHB Gary Springer 0-0: Called Strike
0-1: Called Strike
0-2: Ball
1-2: Ball
2-2: Ball
3-2: Fly out, F8 (Flyball, 8LS, EV 89.4 MPH)
Top of the 1st over - 1 run, 2 hits, 0 errors, 2 left on base; Tampa 1 - Miami 0
BOTTOM OF THE 1ST
Miami Whales batting - Pitching for Tampa Pirates : RHP Bill Kelly
Pitching: RHP Bill Kelly
Batting: SHB Ramon Alcantara 0-0: Ground out U3 (Groundball, 3, EV 98.1 MPH)
Batting: RHB Donald Hubbard 0-0: Called Strike
0-1: Fly out, F8 (Flyball, 8LM, EV 89.4 MPH)
Batting: RHB Tom Grant 0-0: Called Strike
0-1: Ball
1-1: Ball
2-1: Ball
3-1: Base on Balls
Batting: LHB Lorenzo Bundy 0-0: Ball
1-0: Foul Ball, location: 2F
1-1: Ball
2-1: Called Strike
Tom Grant steals 2nd base
2-2: SINGLE (Line Drive, 89M, EV 107.5 MPH)
Tom Grant to third
Runner from 3rd tries for Home, SAFE, throw by RF to home
Batting: RHB Rafael Ortega 0-0: Foul Ball, location: 2F
0-1: Ball
1-1: Ball
2-1: Ground out U3 (Groundball, 34S, EV 93.8 MPH)
Bottom of the 1st over - 1 run, 1 hit, 0 errors, 1 left on base; Tampa 1 - Miami 1
TOP OF THE 2ND
Tampa Pirates batting - Pitching for Miami Whales : LHP Alex Gomez
Batting: LHB Alfredo Rodriguez 0-0: Ball
1-0: Called Strike
1-1: Foul Ball, location: 2F
1-2: Foul Ball, location: 2F
1-2: Foul Ball, location: 2F
1-2: Strikes out swinging
Batting: RHB Dale Eiler 0-0: Ball
1-0: Foul Ball, location: 2F
1-1: Ball
2-1: Reached via error on a dropped throw from C, E3 (Groundball, 15S, EV 67.5 MPH)
Batting: RHB Roy Dixon 0-0: Ball
1-0: SINGLE (Groundball, 6MD, EV 95.6 MPH)
Dale Eiler to second
Runner from 2nd tries for 3rd, SAFE, throw by CF made to third
Batting: RHB Drungo Hazewood 0-0: Ball
1-0: Called Strike
1-1: Called Strike
1-2: TRIPLE (Flyball, 89XD, EV 95.0 MPH)
Dale Eiler scores
Roy Dixon scores
Batting: RHB Steven Young 0-0: Ball
1-0: Called Strike
1-1: Foul Ball, location: 2F
1-2: Ball
2-2: Ball
3-2: Fly out, F4 (Line Drive, 4, EV 72.5 MPH)
Batting: LHB Reggie West 0-0: Called Strike
0-1: Ground out 4-3 (Groundball, 34, EV 99.4 MPH)
Top of the 2nd over - 2 runs, 2 hits, 1 error, 1 left on base; Tampa 3 - Miami 1
BOTTOM OF THE 2ND
Miami Whales batting - Pitching for Tampa Pirates : RHP Bill Kelly
Batting: RHB Ramon Cardenas 0-0: Fly out, F6 (Popup, 6M, EV 65.6 MPH)
Batting: RHB Patrick Rubino 0-0: Called Strike
0-1: Called Strike
0-2: Strikes out looking
Batting: RHB Butch Rowe 0-0: Ball
1-0: Ball
2-0: Called Strike
2-1: Ball
3-1: Base on Balls
Batting: SHB Philip Rossi 0-0: Swinging Strike
0-1: Ball
1-1: Ball
2-1: Called Strike
2-2: SINGLE (Groundball, 34D, EV 101.9 MPH)
Butch Rowe to second
Runner from 2nd tries for 3rd, SAFE, no throw by RF
Batting: SHB Ramon Alcantara 0-0: Foul Ball, location: 2F
0-1: Fly out, F8 (Line Drive, 8LM, EV 92.5 MPH)
Bottom of the 2nd over - 0 runs, 1 hit, 0 errors, 2 left on base; Tampa 3 - Miami 1
TOP OF THE 3RD
Tampa Pirates batting - Pitching for Miami Whales : LHP Alex Gomez
Batting: RHB Cliff Pastornicky 0-0: Fly out, F7 (Line Drive, 7, EV 89.4 MPH)
Batting: RHB Ricky Jones 0-0: Ball
1-0: Ground out 6-3 (Groundball, 56, EV 83.1 MPH)
Batting: SHB Gary Springer 0-0: Called Strike
0-1: Called Strike
0-2: Ball
1-2: Ball
2-2: Ground out 4-3 (Groundball, 4S, EV 82.5 MPH)
Top of the 3rd over - 0 runs, 0 hits, 0 errors, 0 left on base; Tampa 3 - Miami 1
BOTTOM OF THE 3RD
Miami Whales batting - Pitching for Tampa Pirates : RHP Bill Kelly
Batting: RHB Donald Hubbard 0-0: Ball
1-0: Ball
2-0: Ball
3-0: Called Strike
3-1: Called Strike
3-2: Base on Balls
Batting: RHB Tom Grant 0-0: Called Strike
0-1: Fielders Choice at 2nd, 1-4 (Groundball, P, EV 74.4 MPH)
Batting: LHB Lorenzo Bundy 0-0: Ball
1-0: Called Strike
1-1: Ball
2-1: SINGLE (Line Drive, 7S, EV 85.0 MPH)
Tom Grant to second
Batting: RHB Rafael Ortega 0-0: Ball
1-0: Called Strike
1-1: SINGLE (Groundball, 4S, EV 63.8 MPH) (infield hit)
Tom Grant to third
Lorenzo Bundy to second
Batting: RHB Ramon Cardenas 0-0: Fly out, F6 (Popup, 6M, EV 69.4 MPH)
Batting: RHB Patrick Rubino 0-0: Foul Ball, location: 2F
0-1: Ball
1-1: Ball
2-1: Ball
3-1: SINGLE (Groundball, 56D, EV 108.1 MPH)
Tom Grant scores
Lorenzo Bundy to third
Rafael Ortega to second
Runner from 3rd tries for Home, SAFE, throw by LF to home
Batting: RHB Butch Rowe 0-0: Ball
1-0: Ball
2-0: Foul Ball, location: 2F
2-1: Foul Ball, location: 2F
2-2: Foul Ball, location: 2F
2-2: Ball
3-2: Fly out, F4 (Popup, 23, EV 85.0 MPH)
Bottom of the 3rd over - 2 runs, 3 hits, 0 errors, 2 left on base; Tampa 3 - Miami 3
TOP OF THE 4TH
Tampa Pirates batting - Pitching for Miami Whales : LHP Alex Gomez
Batting: LHB Alfredo Rodriguez 0-0: Ball
1-0: Foul Ball, location: 2F
1-1: Ball
2-1: Foul Ball, location: 2F
2-2: DOUBLE (Line Drive, 3D, EV 97.5 MPH)
Batting: RHB Dale Eiler 0-0: Ball
1-0: Ball
2-0: Ball
3-0: Base on Balls
Batting: RHB Roy Dixon 0-0: Ball
1-0: SINGLE (Groundball, 34D, EV 102.5 MPH)
Alfredo Rodriguez to third
Dale Eiler to second
Batting: RHB Drungo Hazewood 0-0: Ball
1-0: Fielders Choice at 2nd, 4-6 (Groundball, 4MS, EV 93.8 MPH)
Alfredo Rodriguez scores
Dale Eiler to third
Batting: RHB Steven Young 0-0: Called Strike
Drungo Hazewood steals 2nd base
0-1: Fly out, F7 (Flyball, 7, EV 83.1 MPH)
Batting: LHB Reggie West 0-0: Fly out, F6 (Popup, 6M, EV 71.9 MPH)
Top of the 4th over - 1 run, 2 hits, 0 errors, 2 left on base; Tampa 4 - Miami 3
BOTTOM OF THE 4TH
Miami Whales batting - Pitching for Tampa Pirates : RHP Bill Kelly
Batting: SHB Philip Rossi 0-0: Ball
1-0: Ball
2-0: Called Strike
2-1: Ball
3-1: Ground out U3 (Groundball, 34, EV 89.4 MPH)
Batting: SHB Ramon Alcantara 0-0: Ball
1-0: Foul Ball, location: 2F
1-1: Fly out, F7 (Flyball, 7, EV 81.3 MPH)
Batting: RHB Donald Hubbard 0-0: Swinging Strike
0-1: Ball
1-1: Foul Ball, location: 2F
1-2: Ground out 4-3 (Groundball, 4, EV 93.8 MPH)
Bottom of the 4th over - 0 runs, 0 hits, 0 errors, 0 left on base; Tampa 4 - Miami 3
TOP OF THE 5TH
Tampa Pirates batting - Pitching for Miami Whales : LHP Alex Gomez
Batting: RHB Cliff Pastornicky 0-0: Called Strike
0-1: Ground out 5-3 (Groundball, 56, EV 90.6 MPH)
Batting: RHB Ricky Jones 0-0: Called Strike
0-1: Foul Ball, location: 2F
0-2: Fly out, F9 (Flyball, 9D, EV 103.1 MPH)
Batting: SHB Gary Springer 0-0: Called Strike
0-1: Ground out 5-3 (Groundball, 56, EV 82.5 MPH)
Top of the 5th over - 0 runs, 0 hits, 0 errors, 0 left on base; Tampa 4 - Miami 3
BOTTOM OF THE 5TH
Miami Whales batting - Pitching for Tampa Pirates : RHP Bill Kelly
Batting: RHB Tom Grant 0-0: Called Strike
0-1: Ball
1-1: Swinging Strike
1-2: Ball
2-2: Strikes out swinging
Batting: LHB Lorenzo Bundy 0-0: Foul Ball, location: 2F
0-1: Ball
1-1: Foul Ball, location: 2F
1-2: Foul Ball, location: 2F
1-2: Foul Ball, location: 2F
1-2: Ball
2-2: Ball
3-2: Base on Balls
Batting: RHB Rafael Ortega 0-0: Called Strike
0-1: Ball
1-1: Called Strike
1-2: Ball
2-2: Foul Ball, location: 2F
2-2: Fly out, F8 (Flyball, 8RXD, EV 88.1 MPH)
Batting: RHB Ramon Cardenas 0-0: Foul Ball, location: 2F
0-1: Ball
1-1: Called Strike
1-2: Ball
2-2: Ball
3-2: Foul Ball, location: 2F
3-2: Ground out 6-3 (Groundball, 6, EV 83.1 MPH)
Bottom of the 5th over - 0 runs, 0 hits, 0 errors, 1 left on base; Tampa 4 - Miami 3
TOP OF THE 6TH
Tampa Pirates batting - Pitching for Miami Whales : LHP Alex Gomez
Batting: LHB Alfredo Rodriguez 0-0: Ball
1-0: Ground out 4-3 (Groundball, 34, EV 86.3 MPH)
Batting: RHB Dale Eiler 0-0: Ball
1-0: Ball
2-0: Ball
3-0: Base on Balls
Batting: RHB Roy Dixon 0-0: Grounds into double play, 5-4-3 (Groundball, 5L, EV 91.9 MPH)
Top of the 6th over - 0 runs, 0 hits, 0 errors, 0 left on base; Tampa 4 - Miami 3
BOTTOM OF THE 6TH
Miami Whales batting - Pitching for Tampa Pirates : RHP Bill Kelly
Batting: RHB Patrick Rubino 0-0: Ball
1-0: Called Strike
1-1: Fly out, F7 (Flyball, 7S, EV 86.9 MPH)
Batting: RHB Butch Rowe 0-0: Fly out, F8 (Flyball, 8LM, EV 91.3 MPH)
Batting: SHB Philip Rossi 0-0: Ball
1-0: Ball
2-0: Foul Ball, location: 2F
2-1: Ground out 3-1 (Groundball, 34, EV 88.1 MPH)
Bottom of the 6th over - 0 runs, 0 hits, 0 errors, 0 left on base; Tampa 4 - Miami 3
TOP OF THE 7TH
Tampa Pirates batting - Pitching for Miami Whales : LHP Alex Gomez
Batting: RHB Drungo Hazewood 0-0: Ball
1-0: Ground out 5-3 (Groundball, 56S, EV 83.8 MPH)
Batting: RHB Steven Young 0-0: Ball
1-0: Ball
2-0: Ball
3-0: Base on Balls
Batting: LHB Reggie West 0-0: Ball
1-0: Called Strike
1-1: Fly out, F9 (Line Drive, 9D, EV 92.5 MPH)
Batting: RHB Cliff Pastornicky 0-0: Ball
Steven Young steals 2nd base
1-0: Ball
2-0: Ball
3-0: Called Strike
3-1: Foul Ball, location: 2F
3-2: Ground out 6-3 (Groundball, 6, EV 106.3 MPH)
Top of the 7th over - 0 runs, 0 hits, 0 errors, 1 left on base; Tampa 4 - Miami 3
BOTTOM OF THE 7TH
Miami Whales batting - Pitching for Tampa Pirates : RHP Bill Kelly
Batting: SHB Ramon Alcantara 0-0: Ball
1-0: Swinging Strike
1-1: Ball
2-1: Fly out, F7 (Flyball, 78D, EV 91.3 MPH)
Batting: RHB Donald Hubbard 0-0: Called Strike
0-1: Ground out 6-3 (Groundball, 6, EV 86.3 MPH)
Batting: RHB Tom Grant 0-0: Ball
1-0: Ball
2-0: Ball
3-0: Called Strike
3-1: Base on Balls
Batting: LHB Lorenzo Bundy 0-0: Called Strike
0-1: Swinging Strike
0-2: SINGLE (Line Drive, 8LM, EV 91.9 MPH)
Tom Grant to second
Runner from 2nd tries for 3rd, SAFE, throw by CF made to third
Batting: RHB Rafael Ortega 0-0: Ball
1-0: Called Strike
1-1: Fly out, F4 (Flyball, 4D, EV 73.8 MPH)
Bottom of the 7th over - 0 runs, 1 hit, 0 errors, 2 left on base; Tampa 4 - Miami 3
TOP OF THE 8TH
Tampa Pirates batting - Pitching for Miami Whales : LHP Alex Gomez
Batting: RHB Ricky Jones 0-0: Called Strike
0-1: Ball
1-1: Foul Ball, location: 2F
1-2: Foul Ball, location: 2F
1-2: Foul Ball, location: 2F
1-2: Ball
2-2: Strikes out swinging
Batting: SHB Gary Springer 0-0: Called Strike
0-1: DOUBLE (Line Drive, 3D, EV 96.9 MPH)
Batting: LHB Alfredo Rodriguez 0-0: Called Strike
0-1: Foul Ball, location: 2F
0-2: Ball
1-2: Strikes out looking
Batting: RHB Dale Eiler 0-0: Ball
1-0: Ball
2-0: Ball
3-0: Called Strike
3-1: Foul Ball, location: 2F
3-2: Strikes out swinging
Top of the 8th over - 0 runs, 1 hit, 0 errors, 1 left on base; Tampa 4 - Miami 3
BOTTOM OF THE 8TH
Miami Whales batting - Pitching for Tampa Pirates : RHP Bill Kelly
Batting: RHB Ramon Cardenas 0-0: Called Strike
0-1: Called Strike
0-2: Fly out, F7 (Flyball, 7, EV 90.6 MPH)
Batting: RHB Patrick Rubino 0-0: Called Strike
0-1: Ball
1-1: Called Strike
1-2: SINGLE (Groundball, 56S, EV 65.0 MPH) (infield hit)
Pinch Hitting: LHB Brad Garnett 0-0: Ball
1-0: Called Strike
1-1: Ground out 4-3 (Groundball, 34S, EV 88.1 MPH)
Patrick Rubino to second
Pinch Hitting: RHB Alex Dominguez 0-0: Ball
Wild Pitch!
Patrick Rubino to third
1-0: Ball
2-0: Ball
3-0: Base on Balls
Batting: SHB Ramon Alcantara 0-0: Ground out 4-3 (Groundball, 34, EV 88.1 MPH)
Bottom of the 8th over - 0 runs, 1 hit, 0 errors, 2 left on base; Tampa 4 - Miami 3
TOP OF THE 9TH
Tampa Pirates batting - Pitching for Miami Whales : LHP Alex Gomez
Now at 3B: Steve Benson
Now at SS: Alex Dominguez
Batting: RHB Roy Dixon 0-0: Ball
1-0: Foul Ball, location: 2F
1-1: Foul Ball, location: 2F
1-2: Ball
2-2: Strikes out swinging
Batting: RHB Drungo Hazewood 0-0: Ball
1-0: Foul Ball, location: 2F
1-1: Swinging Strike
1-2: Foul Ball, location: 2F
1-2: Fly out, F6 (Popup, P, EV 86.9 MPH)
Batting: RHB Steven Young 0-0: Ball
1-0: Foul Ball, location: 2F
1-1: Foul Ball, location: 2F
1-2: Ground out U3 (Groundball, 34S, EV 84.4 MPH)
Top of the 9th over - 0 runs, 0 hits, 0 errors, 0 left on base; Tampa 4 - Miami 3
BOTTOM OF THE 9TH
Miami Whales batting - Pitching for Tampa Pirates : RHP Bill Kelly
Pitching: RHP Jeff Stember
Now at 3B: Erwin Bryant
Batting: RHB Donald Hubbard 0-0: Swinging Strike
0-1: Swinging Strike
0-2: Fly out, F8 (Flyball, 8LXD, EV 98.1 MPH)
Batting: RHB Tom Grant 0-0: Ball
1-0: Ball
2-0: Swinging Strike
2-1: SINGLE (Line Drive, 7LS, EV 98.8 MPH)
Batting: LHB Lorenzo Bundy 0-0: Ball
1-0: Foul Ball, location: 2F
1-1: Ball
2-1: Foul Ball, location: 2F
2-2: Ball
3-2: Fielders Choice at 2nd, 3-6 (Groundball, 3, EV 86.3 MPH)
Batting: RHB Rafael Ortega 0-0: Called Strike
0-1: Foul Ball, location: 2F
0-2: Ball
1-2: Fly out, F7 (Line Drive, 7D, EV 103.1 MPH)
Bottom of the 9th over - 0 runs, 1 hit, 0 errors, 1 left on base; Tampa 4 - Miami 3
Wednesday, August 19th, 2020 - OOTP Baseball 21.5 Build 76